 Dungeon Crawl Stone Soup version 0.25-a0-927-g39f137c8b7 (webtiles) character file.

Game seed: 14750487199573186576, levelgen mode: deterministic

74349 Nixze the Fencer (level 15, 0/150 HPs)
             Began as a Minotaur Berserker on May 3, 2020.
             Was the Champion of Trog.
             Slain by a two-headed ogre
             ... wielding a +0 giant club
              (15 damage)
             ... on level 2 of the Orcish Mines.
             The game lasted 00:50:43 (22043 turns).

Nixze the Fencer (Minotaur Berserker)              Turns: 22043, Time: 00:50:44

Health: 0/150      AC: 21    Str: 27    XL:     15   Next: 6%
Magic:  14/14      EV:  9    Int:  4    God:    Trog [******]
Gold:   3917       SH:  0    Dex: 11    Spells: 14/14 levels left

rFire    . . .     SeeInvis +   b - +5 great sword (venom)
rCold    . . .     Gourm    .   (shield currently unavailable)
rNeg     . . .     Faith    .   j - +1 plate armour
rPois    +         Spirit   .   (helmet restricted)
rElec    .         Reflect  .   s - scarf {repulsion}
rCorr    .         Harm     .   a - +0 pair of gloves
MR       +....                  M - +0 pair of boots
Stlth    ..........             (no amulet)
HPRegen  0.35/turn              y - ring of see invisible
MPRegen  0.14/turn              J - ring of poison resistance

@: berserk cooldown, slowed, studying Shields, repel missiles, very slow
A: retaliatory headbutt, horns 2
a: Berserk, Trog's Hand, Brothers in Arms, Renounce Religion


You were on level 2 of the Orcish Mines.
You worshipped Trog.
Trog was exalted by your worship.
You were very hungry.

You visited 3 branches of the dungeon, and saw 19 of its levels.
You also visited: Bailey and Ice Cave.

You collected 3917 gold pieces.

Inventory:

Hand Weapons
 b - a +5 great sword of venom (weapon)
 e - a +0 great mace
Missiles
 E - 17 javelins (quivered)
Armour
 a - a +0 pair of gloves (worn)
 j - a +1 plate armour (worn)
 r - a +0 kite shield of cold resistance
 s - a scarf of repulsion (worn)
 M - a +0 pair of boots (worn)
 S - a scarf of resistance
Jewellery
 g - an uncursed ring of protection from fire
 o - an uncursed ring of positive energy
 y - a ring of see invisible (left hand)
 A - an uncursed amulet of regeneration
 J - a ring of poison resistance (right hand)
 U - an uncursed ring of protection from magic
Wands
 f - a wand of random effects (28)
 u - a wand of iceblast (8)
 D - a wand of flame (16)
 F - a wand of paralysis (8)
 V - a wand of digging (7)
 X - a wand of polymorph (10)
 Z - a wand of scattershot (3)
Scrolls
 d - a scroll of acquirement
 i - 7 scrolls of teleportation
 k - a scroll of immolation {unknown}
 t - 4 scrolls of remove curse
 w - 3 scrolls of enchant weapon
 x - 2 scrolls of fear
 B - 2 scrolls of fog
 H - a scroll of holy word
 K - 3 scrolls of blinking
 L - 3 scrolls of enchant armour
 Q - 3 scrolls of magic mapping
 T - 2 scrolls of identify
Potions
 h - a potion of cancellation {unknown}
 m - 7 potions of curing
 n - 3 potions of might
 p - 3 potions of haste
 q - a potion of berserk rage {unknown}
 v - 5 potions of heal wounds
 z - 6 potions of stabbing
 C - 2 potions of ambrosia
 G - 2 potions of lignification
 N - 3 potions of degeneration {unknown}
 R - 3 potions of flight {unknown}
 W - 2 potions of resistance
 Y - 3 potions of brilliance {unknown}
Books
 O - a manual of Shields
Miscellaneous
 I - a phantom mirror
Comestibles
 c - 28 rations


   Skills:
 + Level 18.6 Fighting
 - Level 20.0 Long Blades
 - Level 5.0 Throwing
 + Level 15.8 Armour
 - Level 2.1 Dodging
 - Level 3.0 Shields


You had 14 spell levels left.
You didn't know any spells.
Your spell library was empty.

Dungeon Overview and Level Annotations

Branches:
Dungeon (11/15)            Temple (0/1) D:7            Lair (6/6) D:10
 Shoals (0/4) Lair:3       Spider (0/4) Lair:4        Slime (0/5) Lair:6
    Orc (2/2) D:11            Elf (0/3) Orc:2        Bailey (visited)
  IceCv (visited)

Altars:
Cheibriados
Fedhas
Kikubaaqudgha
Makhleb
Ru
Sif Muna
Uskayaw
Vehumet
Wu Jian
Yredelemnul
The Shining One

Annotations:
D:6 runed longsword dig
Lair:3 exclusion: 3 oklob plants
Lair:6 exclusion: oklob plant


Innate Abilities, Weirdness & Mutations

You reflexively headbutt those who attack you in melee.
You have a pair of horns on your head.


Message History

Your two-headed ogre closely misses the ogre.
Your two-headed ogre barely misses the ogre.
Your two-headed ogre hits the two-headed ogre with a +0 giant spiked club!!
Your two-headed ogre hits the two-headed ogre with a +0 giant club!!
The two-headed ogre dies!
Trog accepts your kill.
An ogre comes into view. It is wielding a +0 giant club.
The ogre hits your two-headed ogre but does no damage.
Your two-headed ogre barely misses the ogre.
Your two-headed ogre hits the ogre with a +0 giant club!
You barely miss the two-headed ogre. You headbutt the two-headed ogre.
The two-headed ogre is lightly wounded.
An ogre comes into view. It is wielding a +0 giant club.
Your two-headed ogre hits the ogre with a +0 giant spiked club!!
The ogre dies!
Trog accepts your kill.
The two-headed ogre hits you with a +0 giant club!
* * * LOW HITPOINT WARNING * * *
The two-headed ogre hits you with a +0 giant club!
You die...

#####O.#### # ..........
## ....... #. #^OO## #.
##)O.# ###. #)).## ##...
##).## #.... ##OO)# ##.#.
##@#)## ##.### #....##
##..# # ##....)# ##..####
.## #......### #....##.
...# #.#.....#.## ##......
....####....))).###.......
.....#.........)##........
.......).........#........
.......))[.).........#....


You could see a two-headed ogre, 3 ogres and a friendly two-headed ogre
(berserk).

Vanquished Creatures
  Jorgrun (D:11)
  A frost giant (IceCv)
  Snorg (Lair:4)
  4 ogre magi (Orc:2)
  Erolcha (Orc:1)
  A fire dragon (Lair:6)
  Fannar (Orc:1)
  3 hydras
  11 two-headed ogres
  12 death yaks
  An orc high priest (Orc:2)
  An unseen horror (D:10)
  2 fire crabs (Lair:6)
  A lindwurm (Lair:6)
  Pikel (D:5)
  An orc sorcerer (Orc:1)
  An oklob plant (Lair:2)
  An ugly thing (D:11)
  A cyclops (D:11)
  A merfolk siren (Lair:3)
  4 black mambas
  2 ice statues (IceCv)
  A centaur zombie (D:11)
  A gargoyle (D:11)
  8 spiny frogs
  A torpor snail (Lair:5)
  2 molten gargoyles (Lair:6)
  11 komodo dragons
  A tengu conjurer (D:10)
  14 polar bears (IceCv)
  A queen bee (D:11)
  2 ice devils (D:11)
  6 trolls
  4 dream sheep (Lair:5)
  6 hippogriffs
  10 blink frogs
  37 yaks
  Sigmund (D:6)
  7 wyverns
  3 basilisks
  A hungry ghost (D:10)
  Edmund (D:6)
  A warg (Orc:1)
  15 porcupines
  7 water moccasins
  4 hell hounds (Lair:6)
  5 black bears
  2 ice beasts
  4 sky beasts
  3 slaves (D:5)
  24 orc warriors
  2 eyes of draining
  3 phantoms
  22 ogres
  33 wolves
  10 centaurs
  19 crocodiles
  A big kobold (D:7)
  Blork the orc (D:6)
  A gnoll sergeant (D:10)
  14 bullfrogs
  4 scorpions
  17 killer bees (D:11)
  A water moccasin skeleton (D:7)
  6 wights
  3 howler monkeys
  An electric eel (Lair:3)
  11 crimson imps
  5 lava snakes (Lair:6)
  A quasit (D:6)
  3 bullfrog zombies
  4 bullfrog skeletons
  4 hounds
  6 jellies
  12 orc priests
  9 orc wizards
  5 iguanas
  7 hell rats
  8 worker ants
  A hound skeleton (D:11)
  2 howler monkey skeletons (D:5)
  2 worker ant zombies (D:5)
  Robin (D:2)
  4 gnolls (D:10)
  8 adders
  A shadow imp (D:6)
  2 oozes
  A worm (D:5)
  3 leopard geckos
  71 orcs
  6 bats
  6 giant cockroaches
  11 goblins
  9 hobgoblins
  11 jackals
  3 quokkas (D:3)
  5 frilled lizards
  A jackal skeleton (D:7)
  9 kobolds
  A quokka zombie (D:6)
  A rat (D:1)
  A butterfly (Lair:1)
609 creatures vanquished.

Vanquished Creatures (collateral kills)
  4 two-headed ogres (Orc:2)
  A death yak (Lair:5)
  A komodo dragon (Lair:5)
  6 ogres (Orc:2)
  A wolf (Lair:5)
13 creatures vanquished.

Vanquished Creatures (others)
  An adder (D:5)
  An orc (Bailey)
  7 fungi
  7 plants
16 creatures vanquished.

Grand Total: 638 creatures vanquished

Notes
Turn   | Place    | Note
-------+----------+-------------------------------------------
     0 | D:1      | Nixze the Minotaur Berserker began the quest for the Orb.
     0 | D:1      | Reached XP level 1. HP: 19/19 MP: 0/0
    32 | D:1      | Found a glowing golden altar of the Shining One.
   132 | D:1      | HP: 1/20 [kobold/stone (1)]
   152 | D:1      | HP: 1/20 [kobold/stone (2)]
   490 | D:1      | Reached skill level 4 in Long Blades
   490 | D:1      | Reached XP level 2. HP: 27/27 MP: 1/1
  1254 | D:2      | Reached XP level 3. HP: 33/33 MP: 2/2
  1373 | D:2      | Noticed Robin
  1386 | D:2      | Killed Robin
  1599 | D:2      | Found a snail-covered altar of Cheibriados.
  1906 | D:3      | Reached ** piety under Trog
  1937 | D:3      | Reached XP level 4. HP: 40/40 MP: 3/3
  2178 | D:3      | Found a shimmering blue altar of Sif Muna.
  2186 | D:3      | Reached skill level 5 in Long Blades
  2593 | D:4      | Noticed an ice beast
  2606 | D:4      | Killed an ice beast
  2606 | D:4      | Reached XP level 5. HP: 47/47 MP: 4/4
  2813 | D:4      | Reached skill level 6 in Long Blades
  2844 | D:4      | Reached skill level 5 in Fighting
  2963 | D:4      | Noticed a phantom
  2993 | D:4      | Killed a phantom
  2993 | D:4      | Reached XP level 6. HP: 38/56 MP: 5/5
  3374 | D:5      | Entered Level 5 of the Dungeon
  3413 | D:5      | Reached skill level 7 in Long Blades
  3522 | D:5      | Got an ebony short sword
  3523 | D:5      | Identified the +7 short sword of Ruination {vorpal, MP+9
                  | Int+4} (You found it on level 5 of the Dungeon)
  3679 | D:5      | Reached skill level 5 in Armour
  3679 | D:5      | Reached XP level 7. HP: 49/62 MP: 6/6
  3771 | D:5      | Noticed Pikel
  3778 | D:5      | Killed Pikel
  3778 | D:5      | Reached skill level 8 in Long Blades
  3963 | D:5      | Reached *** piety under Trog
  3963 | D:5      | Reached XP level 8. HP: 67/71 MP: 7/7
  4265 | D:6      | Reached skill level 9 in Long Blades
  4295 | D:6      | Noticed Blork the orc
  4571 | D:5      | Reached skill level 10 in Long Blades
  4810 | D:6      | Killed Blork the orc
  4885 | D:6      | Reached skill level 1 in Shields
  4939 | D:6      | Noticed Edmund
  4947 | D:6      | Killed Edmund
  5092 | D:6      | Reached XP level 9. HP: 80/81 MP: 8/8
  5243 | D:6      | Noticed Sigmund
  5250 | D:6      | Killed Sigmund
  5569 | D:7      | Found a staircase to the Ecumenical Temple.
  5602 | D:7      | Reached **** piety under Trog
  5618 | D:7      | Reached skill level 11 in Long Blades
  5960 | D:7      | Found a blossoming altar of Fedhas.
  5965 | D:7      | Found a hide-covered altar of Uskayaw.
  5968 | D:7      | Found an ancient bone altar of Kikubaaqudgha.
  5978 | D:7      | Found a sacrificial altar of Ru.
  6040 | D:7      | Found a burning altar of Makhleb.
  6041 | D:7      | Found a radiant altar of Vehumet.
  6135 | D:8      | Reached skill level 12 in Long Blades
  6497 | D:8      | Reached XP level 10. HP: 85/91 MP: 9/9
  6904 | D:9      | Found an ornate altar of the Wu Jian Council.
  6943 | D:9      | Noticed a two-headed ogre
  6951 | D:9      | Killed a two-headed ogre
  7116 | D:9      | Noticed a two-headed ogre
  7124 | D:9      | Killed a two-headed ogre
  7124 | D:9      | Reached skill level 13 in Long Blades
  7214 | D:9      | Reached skill level 10 in Fighting
  7308 | D:9      | Found a basalt altar of Yredelemnul.
  7461 | D:10     | Entered Level 10 of the Dungeon
  7464 | D:10     | Noticed an unseen horror
  7465 | D:10     | Killed an unseen horror
  7480 | D:10     | Reached skill level 10 in Armour
  7494 | D:10     | Reached ***** piety under Trog
  7560 | D:10     | Found a flagged portal.
  7589 | Bailey   | Entered a bailey
  8244 | Bailey   | Reached XP level 11. HP: 93/101 MP: 10/10
  8255 | Bailey   | Reached skill level 14 in Long Blades
  8841 | D:10     | Found a staircase to the Lair.
  8858 | D:10     | Reached skill level 1 in Throwing
  9520 | Lair:1   | Entered Level 1 of the Lair of Beasts
  9583 | Lair:1   | Received a gift from Trog
  9856 | Lair:1   | Reached skill level 15 in Long Blades
 10070 | Lair:1   | Identified 2 scrolls of acquirement
 10070 | Lair:1   | Identified the amulet "Irirayn" {Reflect rF+ Str-4 SH+5
                  | SInv} (You acquired it on level 1 of the Lair of Beasts)
 10699 | Lair:2   | Noticed an oklob plant
 10761 | Lair:2   | Killed an oklob plant
 12079 | Lair:3   | Noticed a five-headed hydra
 12089 | Lair:3   | Killed a five-headed hydra
 12089 | Lair:3   | Reached XP level 12. HP: 75/113 MP: 11/11
 12652 | Lair:3   | Found a staircase to the Shoals.
 13037 | Lair:4   | Found a hole to the Spider Nest.
 13040 | Lair:4   | Noticed a death yak
 13042 | Lair:4   | Noticed a death yak
 13042 | Lair:4   | Noticed a death yak
 13043 | Lair:4   | Noticed a death yak
 13053 | Lair:4   | Noticed a death yak
 13055 | Lair:4   | Killed a death yak
 13059 | Lair:4   | Killed a death yak
 13059 | Lair:4   | Reached skill level 16 in Long Blades
 13065 | Lair:4   | Noticed Snorg
 13066 | Lair:4   | Killed a death yak
 13066 | Lair:4   | Reached skill level 5 in Throwing
 13070 | Lair:4   | Killed a death yak
 13628 | Lair:4   | Killed a death yak
 14022 | Lair:4   | Killed Snorg
 14674 | Lair:5   | Noticed a death yak
 14674 | Lair:5   | Noticed a death yak
 14674 | Lair:5   | Noticed a death yak
 14691 | Lair:5   | Killed a death yak
 14709 | Lair:5   | Killed a death yak
 14709 | Lair:5   | Received a gift from Trog
 14709 | Lair:5   | Reached skill level 17 in Long Blades
 14717 | Lair:5   | Killed a death yak
 15009 | Lair:5   | Reached XP level 13. HP: 125/125 MP: 12/12
 15377 | Lair:6   | Entered Level 6 of the Lair of Beasts
 15445 | Lair:5   | Reached skill level 15 in Fighting
 16192 | Lair:6   | Reached skill level 18 in Long Blades
 16216 | Lair:6   | Found a staircase to the Slime Pits.
 16740 | Lair:6   | Received a gift from Trog
 17923 | Lair:6   | Found a large runed translucent door.
 17924 | Lair:6   | Found a large runed translucent door.
 17930 | Lair:6   | Noticed a fire dragon
 17993 | Lair:6   | Killed a fire dragon
 17993 | Lair:6   | Reached XP level 14. HP: 138/138 MP: 13/13
 18418 | D:11     | Found a frozen archway.
 18430 | IceCv    | Entered an ice cave
 18436 | IceCv    | Reached skill level 19 in Long Blades
 19188 | IceCv    | Noticed a frost giant
 19202 | IceCv    | Killed a frost giant
 19535 | D:11     | Found a staircase to the Orcish Mines.
 19994 | D:11     | Reached ****** piety under Trog
 20024 | D:11     | Received a gift from Trog
 20240 | Orc:1    | Entered Level 1 of the Orcish Mines
 20244 | Orc:1    | Noticed Erolcha
 20245 | Orc:1    | Noticed Jorgrun
 20280 | D:11     | Killed Jorgrun
 20528 | Orc:1    | Killed Erolcha
 20949 | Orc:1    | Noticed Fannar
 21008 | Orc:1    | Killed Fannar
 21165 | Orc:2    | Entered Level 2 of the Orcish Mines
 21165 | Orc:2    | Found a staircase to the Elven Halls.
 21552 | Orc:2    | Reached skill level 20 in Long Blades
 21570 | Orc:2    | Reached skill level 15 in Armour
 22033 | Orc:2    | Reached XP level 15. HP: 43/150 MP: 14/14
 22043 | Orc:2    | Slain by a two-headed ogre

Levels and vault maps discovered:
D:1:      dpeg_arrival_pond, layout_rooms, tso_metal_star
D:2:      layout_loops_ring, marbit_many_paths, uniq_robin
D:3:      layout_loops_ring, old_standard_altar
D:4:      layout_gridville, first_ration
D:5:      layout_rooms, uniq_pikel
D:6:      layout_basic, sword_in_stone, uniq_sigmund, uniq_edmund,
          uniq_blork_the_orc
D:7:      layout_rooms, grunt_temple_overflow_lords_of_destruction,
          grunt_temple_overflow_cloverleaf, minmay_temple_entry_purple_smoke,
          zaba_anthole
D:8:      layout_basic
D:9:      layout_small_grid, general_overflow_altar, basic_altar
D:10:     layout_irregular_city, due_lair_maze_entry_diamond, enter_bailey_2,
          grunt_tengu_nest, patterned_corridor
D:11:     layout_loops_cross, orc_0_dummy, portal_ice_cave_demonic_guard,
          minivault_7
Lair:1:   layout_long_grid, lemuel_fruit_fields
Lair:2:   layout_cellular_growth, columned_hall_lemuel
Lair:3:   layout_roguey, elwin_shoals_entry_rooms, serial_bayou_shore_a,
          minmay_lair_oklob_chamber
Lair:4:   layout_loops_ring, dummy_spider_entry, st_stairs_11, ldierk_geyser,
          uniq_snorg
Lair:5:   layout_cave_shapes
Lair:6:   cheibrodos_lair_end_hotspot, layout_regular_city,
          nicolae_slime_entry_slimehenge, serial_bayou_shore_b
Orc:1:    layout_caves, uniq_fannar, uniq_erolcha, uniq_jorgrun
Orc:2:    st_orc_ogre_mass, layout_diamond_mine, nicolae_orc_pool_cavern

Skill      XL: |  1  2  3  4  5  6  7  8  9 10 11 12 13 14 |
---------------+-------------------------------------------+-----
Long Blades    | 4 5 6 7 8 10 12 13 15 17 18 20 | 20.0
Fighting       | 4 5 6 7 9 10 12 14 16 18 | 18.6
Armour         | 3 4 5 6 7 8 10 11 12 14 15 | 15.8
Shields        | 1 3 |  3.0
Throwing       | 4 5 |  5.0
Dodging        | |  2.1

Action                   |  1- 3 |  4- 6 |  7- 9 | 10-12 | 13-15 || total
-------------------------+-------+-------+-------+-------+-------++-------
Melee: Falchion          |    74 |   110 |   146 |       |       ||   330
       Headbutt          |    11 |    20 |    41 |   100 |   157 ||   329
       Great sword       |       |       |    87 |   442 |   657 ||  1186
       Great mace        |       |       |       |     4 |     8 ||    12
Throw: Javelin           |       |       |       |       |     3 ||     3
Invok: Berserk           |     1 |     3 |     6 |     8 |     7 ||    25
       Brothers in Arms  |       |       |       |     1 |     2 ||     3
       Trog's Hand       |       |       |       |       |     2 ||     2
  Use: Scroll            |       |     4 |    11 |    10 |     5 ||    30
       Potion            |       |       |       |     1 |     3 ||     4
 Stab: Sleeping          |     1 |       |       |       |       ||     1
       Distracted        |       |       |       |       |     1 ||     1
  Eat: Chunk             |     4 |     9 |    15 |    32 |    26 ||    86
       Ration            |       |       |       |     1 |     1 ||     2
Armor: Animal skin       |     8 |       |       |       |       ||     8
       Ring mail         |    14 |    24 |     3 |       |       ||    41
       Chain mail        |       |       |    20 |       |       ||    20
       Plate armour      |       |       |    88 |   295 |   380 ||   763
Dodge: Dodged            |    42 |    49 |    80 |   198 |   291 ||   660
       Repelled          |       |       |       |    10 |     9 ||    19
Block: Kite shield       |       |       |    23 |       |       ||    23
       Rpst.: Falchion   |     6 |    13 |    10 |       |       ||    29
       Great sword       |       |       |     8 |    45 |    59 ||   112

Table legend:
 A = Non-vault XP
 B = Vault XP
 C = Vault XP percentage of total XP
 D = Non-vault monster count
 E = Vault monster count
 F = Vault count percentage of total count
                 A         B        C        D         E       F
            +---------+---------+-------+---------+---------+-------
      Total |   56996 |   49217 |  46.3 |     409 |     209 |  33.8
            +---------+---------+-------+---------+---------+-------
        D:1 |      32 |       0 |   0.0 |      19 |       0 |   0.0
        D:2 |      24 |      32 |  57.1 |       9 |      10 |  52.6
        D:3 |      38 |       0 |   0.0 |      15 |       0 |   0.0
        D:4 |     374 |       0 |   0.0 |       9 |       0 |   0.0
        D:5 |     418 |     737 |  63.8 |      24 |       2 |   7.7
        D:6 |     942 |     666 |  41.4 |      22 |       5 |  18.5
        D:7 |    1374 |     179 |  11.5 |      36 |       5 |  12.2
        D:8 |    1094 |       0 |   0.0 |      18 |       0 |   0.0
        D:9 |    2377 |       0 |   0.0 |      10 |       0 |   0.0
       D:10 |    2098 |    1719 |  45.0 |      19 |      13 |  40.6
       D:11 |    2747 |    5175 |  65.3 |      13 |      21 |  61.8
     Lair:1 |    3909 |       0 |   0.0 |      20 |       0 |   0.0
     Lair:2 |    1962 |       0 |   0.0 |       8 |       0 |   0.0
     Lair:3 |    3065 |    1208 |  28.3 |      13 |       3 |  18.8
     Lair:4 |    6688 |    1568 |  19.0 |      17 |       5 |  22.7
     Lair:5 |    9083 |       0 |   0.0 |      40 |       0 |   0.0
     Lair:6 |   15184 |    8341 |  35.5 |      57 |      33 |  36.7
      Orc:1 |    2226 |    2041 |  47.8 |      19 |       2 |   9.5
      Orc:2 |    3361 |   15671 |  82.3 |      41 |      36 |  46.8
     Bailey |       0 |    2274 | 100.0 |       0 |      38 | 100.0
      IceCv |       0 |    9606 | 100.0 |       0 |      36 | 100.0
            +---------+---------+-------+---------+---------+-------
